 Dungeon Crawl Stone Soup version 0.21.1-1-g345015f (webtiles) character file.

110 inc the Ducker (level 4, 18/18 HPs)
             Began as a Felid Enchanter on Feb 25, 2018.
             Was an Initiate of Gozag.
             Quit the game on level 3 of the Dungeon.
             The game lasted 00:13:06 (5227 turns).

inc the Ducker (Felid Enchanter)                    Turns: 5227, Time: 00:13:07

Health: 18/18      AC:  1    Str:  4    XL:     4   Next: 61%
Magic:  8/8        EV: 21    Int: 18    God:    Gozag
Gold:   159        SH:  0    Dex: 16    Spells: 1/7 levels left
                                        Lives:  0   Deaths: 1

rFire    . . .     SeeInvis +     - Unarmed
rCold    . . .     Gourm    .   (shield unavailable)
rNeg     . . .     Faith    .   (armour unavailable)
rPois    .         Spirit   .   (helmet unavailable)
rElec    .         Reflect  .   (cloak unavailable)
rCorr    .         Harm     .   (gloves unavailable)
MR       .....                  (boots unavailable)
Stlth    +++.......             (no amulet)
HPRegen  0.06/turn              (no ring)
MPRegen  0.11/turn              (no ring)

@: quick
A: very small, no armour, no weapons or thrown items, stealth, claws 1, fangs 3,
see invisible, carnivore, speed 1, shaggy fur 1, slow metabolism 1, sharp paws
a: Potion Petition, Call Merchant, Bribe Branch, Renounce Religion


You were on level 3 of the Dungeon.
You worshipped Gozag.
Gozag was aware of your devotion.
You were not hungry.

You visited 1 branch of the dungeon, and saw 4 of its levels.

You collected 209 gold pieces.
You paid 50 gold pieces to Gozag.

Inventory:

Wands
 e - a wand of flame (35)
 i - a wand of enslavement (6)
Scrolls
 c - a scroll of fear {unknown}
 d - a scroll of random uselessness {unknown}
 g - a scroll of remove curse {unknown}
 h - 2 scrolls of identify {unknown}
 j - 4 scrolls of teleportation {unknown}
 k - a scroll of enchant weapon {unknown}
 l - a scroll of fog {unknown}
Potions
 f - a potion of heal wounds
 m - a potion of mutation {unknown}
Books
 a - a book of Maledictions

   Spells                             Type                      Level
   a - Corona                         Hexes                        1
   b - Ensorcelled Hibernation        Hexes/Ice                    2
   c - Confuse                        Hexes                        3
   d - Tukima's Dance                 Hexes                        3
   e - Dazzling Spray                 Conjuration/Hexes            3
Comestibles
 b - 3 rations


   Skills:
 - Level 5.4 Dodging
 - Level 4.0 Stealth
 - Level 3.0 Unarmed Combat
 - Level 2.0 Spellcasting
 + Level 5.4 Hexes
 + Level 1.6 Ice Magic


You had one spell level left.
You knew the following spells:

 Your Spells              Type           Power        Failure   Level  Hunger
a - Corona                Hex            ###....      1%          1    #......
b - Ensorcelled Hibernat  Hex/Ice        ##....       6%          2    ###....
c - Confuse               Hex            ###.....     6%          3    ###....


Dungeon Overview and Level Annotations

Branches:
Dungeon (4/15)
 Temple: D:4-7

Altars:
Elyvilon
Gozag
Hepliaklqana
Kikubaaqudgha
Nemelex Xobeh
Sif Muna
Uskayaw
Xom
Zin

Annotations:
D:4 Blork the orc


Innate Abilities, Weirdness & Mutations

You cannot wear armour.
You are incapable of wielding weapons or throwing items.
Your paws allow you to move quietly. (Stealth)
You have sharp claws.
You have razor-sharp teeth.
You have supernaturally acute eyesight. (SInv)
You are carnivorous and can eat meat at any time.
You cover ground quickly.
You are covered in fur. (AC +1)
You have a slow metabolism.
Your sharp claws are effective at attacking unaware monsters.


Message History

Confirm with . or Enter, or press ? or * to list all spells.
Aiming: Ensorcelled Hibernation
Press: ? - help, Shift-Dir - straight line, f/p - orc priest
Aim: an orc priest, wielding a whip (chance to defeat MR: 45%)
The orc priest resists with some effort.
The orc priest hits you with a whip! The orc misses you.
The orc completely misses you.
Casting: Ensorcelled Hibernation
Confirm with . or Enter, or press ? or * to list all spells.
You don't have enough magic to cast that spell.
The orc priest hits you with a whip!
* * * LOW HITPOINT WARNING * * *
Things that are here:
3 stones; a club The orc priest invokes the aid of Beogh against you.
Beogh smites you!
You die...
You are now level 4!
You rejoin the land of the living...
Are you sure you want to abandon this character and quit the game? (Confirm with "yes".)

##...####....#...#####.###.####.#
....##....######## #..##.......
.##.##..####### ##...#####.#
.##.#...# #...# ###.......#
......#.# #...# #########..#
.##.#...# #...########.....# #...
##....### #................# ##.#
##...## #.[.##....##.....####.#
#..### #...#.@##########......
...# #####.## #####..###.# ..##
#..#####.....## #.# ..#
#####..##...##### #.# #.#
######.....<...### ##.#
#.#####......####......## #...
........##############..######...
......................)..........
#######################..........


There were no monsters in sight!

Vanquished Creatures
  An iguana (D:2)
  A howler monkey skeleton (D:4)
  7 adders
  3 worms
  A dart slug (D:4)
  6 leopard geckos
  12 orcs
  3 giant cockroaches
  4 goblins
  9 hobgoblins
  4 jackals (D:3)
  10 kobolds
  4 quokkas
  3 ball pythons
  5 bats
  11 frilled lizards
  7 rats
  A fungus (D:1)
92 creatures vanquished.

Notes
Turn   | Place    | Note
-------+----------+-------------------------------------------
     0 | D:1      | inc the Felid Enchanter began the quest for the Orb.
     0 | D:1      | Reached XP level 1. HP: 7/7 MP: 4/4
   601 | D:1      | Reached XP level 2. HP: 5/11 MP: 4/6
  1307 | D:2      | Learned a level 2 spell: Ensorcelled Hibernation
  1397 | D:2      | Reached XP level 3. HP: 14/14 MP: 7/7
  1451 | D:2      | Learned a level 3 spell: Confuse
  1610 | D:2      | Reached XP level 4. HP: 18/18 MP: 6/8
  2258 | D:2      | Found a shimmering altar of Xom.
  2343 | D:2      | Reached skill level 5 in Dodging
  3170 | D:3      | Reached XP level 5. HP: 21/21 MP: 6/9
  4086 | D:3      | Reached skill level 1 in Ice Magic
  4105 | D:3      | Reached skill level 5 in Hexes
  4174 | D:3      | Found a hazy altar of Hepliaklqana.
  4175 | D:3      | Found a white marble altar of Elyvilon.
  4175 | D:3      | Found a glowing silver altar of Zin.
  4177 | D:3      | Found a hide-covered altar of Uskayaw.
  4178 | D:3      | Found an opulent altar of Gozag.
  4178 | D:3      | Found an ancient bone altar of Kikubaaqudgha.
  4178 | D:3      | Found a sparkling altar of Nemelex Xobeh.
  4276 | D:3      | Became a worshipper of Gozag Ym Sagoz the Greedy
  4364 | D:4      | Found a deep blue altar of Sif Muna.
  4400 | D:4      | Noticed Blork the orc
  5221 | D:3      | HP: 1/21 [orc priest/whip (7)]
  5226 | D:3      | Killed from afar by an orc priest
  5227 | D:3      | Reached XP level 4. HP: -6/18 MP: 2/8
  5227 | D:3      | Quit the game

Skill      XL: |  1  2  3  4  5 |
---------------+----------------+-----
Unarmed Combat | 2 3 |  3.0
Dodging        | 4 5 |  5.4
Ice Magic      | 1 |  1.6
Hexes          | 5 |  5.4
Stealth        | |  4.0
Spellcasting   | |  2.0

Action                   |  1- 3 |  4- 6 || total
-------------------------+-------+-------++-------
Melee: Unarmed           |    95 |   147 ||   242
       Bite              |     8 |     6 ||    14
       Punch             |     1 |     1 ||     2
 Cast: Corona            |     6 |     2 ||     8
       Ensorcelled Hiber |     2 |    70 ||    72
       Confuse           |       |     2 ||     2
  Use: Potion            |       |     2 ||     2
 Stab: Sleeping          |    17 |    44 ||    61
  Eat: Chunk             |       |    14 ||    14
       Ration            |       |     1 ||     1
Armor: Skin              |     2 |     6 ||     8
Dodge: Dodged            |    52 |   183 ||   235
